 Dungeon Crawl Stone Soup version 0.29-a0-275-g389c0b56f3 (webtiles) character file.

Game seed: 9218363553666488133

46 jlumianski the Magician (level 3, 0/24 HPs)
             Began as a Mummy Venom Mage on Mar 9, 2022.
             Killed from afar by Natasha (10 damage)
             ... with a magic dart
             ... on level 2 of the Dungeon.
             The game lasted 00:11:39 (1936 turns).

jlumianski the Magician (Mummy Venom Mage)          Turns: 1936, Time: 00:11:41

Health: 0/24       AC:  3    Str: 11    XL:     3   Next: 44%
Magic:  5/7        EV: 12    Int: 16    God:
Gold:   112        SH:  0    Dex: 12    Spells: 2/8 levels left

rFire   x . .      SeeInvis .   d - +0 eveningstar
rCold   + . .      Faith    .   (no shield)
rNeg    + + +      Spirit   .   a - +1 robe
rPois   ∞          Reflect  .   (no helmet)
rElec   .          Harm     .   (no cloak)
rCorr   .          Rampage  .   (no gloves)
Will    .....                   (no boots)
Stlth   ++........              e - amulet of magic regeneration
HPRegen 0.08/turn               (no ring)
MPRegen 0.50/turn               (no ring)

@: very slightly contaminated, slowed, very slow
A: cold resistance 1, negative energy resistance 3, torment resistance 2, heat
vulnerability 1, in touch with death 1, no potions
a: no special abilities


You were on level 2 of the Dungeon.
You visited 1 branch of the dungeon, and saw 2 of its levels.

You collected 112 gold pieces.

Inventory:

Hand Weapons
 d - a +0 eveningstar (weapon)
 g - a +0 short sword
 k - a +0 rapier
Missiles
 c - 39 stones
 j - 6 javelins (quivered)
Armour
 a - a +1 robe (worn)
Jewellery
 e - an amulet of magic regeneration (around neck)
Scrolls
 b - a scroll of amnesia
 f - a scroll of torment
 h - a scroll of fear
 i - 2 scrolls of teleportation {unknown}


   Skills:
 - Level 0.3 Short Blades
 * Level 0.2 Maces & Flails
 + Level 1.8 Dodging
 + Level 1.8 Stealth
 + Level 3.1 Spellcasting
 + Level 1.3 Transmutations
 + Level 2.8 Poison Magic


You had 2 spell levels left.
You knew the following spells:

 Your Spells              Type           Power      Damage    Failure   Level
a - Sting                 Tmut/Pois      36%        1d4       8%          1
b - Poisonous Vapours     Pois/Air       14%        N/A       16%         2
c - Mephitic Cloud        Conj/Pois/Air  5%         N/A       36%         3

Your spell library contained the following spells:

 Spells                   Type           Power      Damage    Failure   Level
 Corpse Rot               Necr/Air       6%         N/A       28%         2
 Olgreb's Toxic Radiance  Pois           11%        N/A       50%         4


Dungeon Overview and Level Annotations

Branches:
Dungeon (2/15)

Altars:

Annotations:
D:2 Natasha


Innate Abilities, Weirdness & Mutations

You are immune to poison.
Your flesh is cold resistant. (rC+)
You are immune to negative energy. (rN+++)
You are immune to unholy pain and torment.
You are vulnerable to heat. (rF-)
You are in touch with the powers of death.
You do not drink.


Message History

You now have 95 gold pieces (gained 9).
You now have 112 gold pieces (gained 17).
Found an emerald potion.
A worm comes into view.
Found a stone staircase leading down.
Found 6 javelins.
Found a stone staircase leading up.
The worm bites you.
You sock the worm!
The worm is heavily wounded.
The worm bites you!
You puncture the worm!
The worm is almost dead.
The worm bites you!
You hit the worm.
You kill the worm!
You see here 6 javelins.
j - 6 javelins
There is a stone staircase leading down here.
Natasha hisses angrily.
Casting: Sting (safe; 8% risk of failure)
Confirm with . or Enter, or press ? or * to list all spells.
Aiming: Poisonous Vapours (safe; 16% risk of failure)
Press: ? - help, Dir - move target, f - Natasha
Aim: Natasha You miscast Poisonous Vapours.
You are very lightly contaminated with residual magic.
Nothing appears to happen.
Natasha casts a spell at you.
You feel yourself slow down.
Casting: Poisonous Vapours (safe; 16% risk of failure)
Confirm with . or Enter, or press ? or * to list all spells.
Aiming: Sting (safe; 8% risk of failure)
Press: ? - help, Shift-Dir - straight line, f/p - Natasha
Aim: Natasha (60% to hit)
The sting hits Natasha but does no damage.
Natasha is poisoned.
Natasha stares at you and mumbles some strange words.
The magic dart hits you!
You die...

############# #......##...#
####.....# #......##...#
.$.......# #......##...#
.w.......# #......##...#
....?....# #......##...#
.........# #....!.##...#
.).......# #
#......>....####...........###
#............@h............).'
#........<#.....###...........###
#.#.##.#.##.###.############### #
# #.##.#....# #..#.....# #
#....#..#####..#.....# #
........##.....#.....# #
#######.##.###.......# # #.##.#
#.......# # #....# ##......# #


You could see Natasha (poisoned).

Vanquished Creatures
  A worm (D:2)
  A ball python (D:1)
  3 bats
  6 endoplasms
  5 giant cockroaches
  5 goblins
  4 hobgoblins
  2 jackals (D:1)
  A frilled lizard (D:1)
  4 kobolds (D:1)
  5 rats (D:1)
37 creatures vanquished.

Vanquished Creatures (others)
  3 fungi (D:1)
  3 plants (D:1)
6 creatures vanquished.

Grand Total: 43 creatures vanquished

Notes
Turn   | Place    | Note
-------+----------+-------------------------------------------
     0 | D:1      | jlumianski the Mummy Venom Mage began the quest for the
                  | Orb.
     0 | D:1      | Reached XP level 1. HP: 13/13 MP: 4/4
   285 | D:1      | Reached XP level 2. HP: 16/19 MP: 5/5
   288 | D:1      | Learned a level 2 spell: Poisonous Vapours
   356 | D:1      | Reached skill level 1 in Transmutations
   460 | D:1      | Reached skill level 3 in Spellcasting
   909 | D:1      | Gained mutation: You are in touch with the powers of death.
                  | [Mummy growth]
   909 | D:1      | Reached XP level 3. HP: 4/24 MP: 4/7
  1163 | D:1      | Learned a level 3 spell: Mephitic Cloud
  1292 | D:1      | Found a faded altar of an unknown god.
  1552 | D:2      | Noticed Natasha
  1936 | D:2      | Killed from afar by Natasha

Illustrated notes

Levels and vault maps discovered:
D:1:      dpeg_arrival_three_same_balls, layout_basic,
          dreamdust_ecumenical_altar_hidden_monk_grotto
D:2:      minmay_general_purpose_star, layout_basic,
          ebering_dispersal_statue_hall, uniq_natasha

Skill      XL: |  1  2 |
---------------+-------+-----
Transmutations | 1 |  1.3
Spellcasting   | 3 |  3.1
Short Blades   | |  0.3
Maces & Flails | |  0.2
Dodging        | |  1.8
Stealth        | |  1.8
Poison Magic   | |  2.8

Action                   || total
-------------------------++-------
Melee: Unarmed           ||     7
       Short sword       ||    41
       Rapier            ||    18
       Eveningstar       ||     6
 Cast: Sting             ||    21
       Poisonous Vapours ||     2
  Use: Scroll            ||     6
 Stab: Sleeping          ||     1
Armor: Robe              ||    14
Dodge: Dodged            ||    58

Table legend: (Time is in decaauts)
 A = Elapsed time spent in this place.
 B = Non-inter-level travel time spent in this place.
 C = Inter-level travel time spent in this place.
 D = Time resting spent in this place.
 E = Time spent auto-exploring this place.
 F = Levels seen in this place.
 G = Mean time per level.
                   A        B        C        D        E       F      G
               +--------+--------+--------+--------+--------+-----+--------+
         Total |   1945 |   1945 |      0 |    227 |   1053 |   2 |  972.5 |
       Dungeon |   1945 |   1945 |      0 |    227 |   1053 |   2 |  972.5 |
               +--------+--------+--------+--------+--------+-----+--------+

Top non-repeatable levels by time:
     D:1: 1531 daAuts
     D:2: 414 daAuts
